Map: Automaton LE

Players

DnS

  • Race: Protoss Protoss
  • Spawn Location: 3:00

Elazer - Winner!

  • Race: Zerg Zerg
  • Spawn Location: 9:00

Event: 2019 WCS Winter Europe

VOD

Have the link to the VOD?

Description

Time

  • Played on: Feb. 16, 2019, 10:48 a.m.
  • Length: 4:29

All games in this series

Show
View Real Time Build Order
Export as new Build Order

DnS Protoss 

Build Orders: 1 Gate Expand, Phoenix Opening 

Get SALT Encoding   

  12  0:00  Probe  
  13  0:12  Probe  
  14  0:18  Pylon  
  14  0:24  Probe  
  15  0:32  Probe  
  15  0:38  Gateway  
  15  0:40  Probe  
  16  0:48  Assimilator  
  17  0:51  Probe  
  18  1:03  Probe  
  19  1:15  Probe  
  20  1:26  Nexus  
  20  1:38  Cybernetics Core  
  20  1:40  Probe  
  20  1:46  Assimilator  
  21  1:52  Probe  
  22  1:57  Pylon  
  22  2:04  Probe  
  22  2:05  Adept  
  25  2:19  Probe  
  26  2:23  Warp Gate  
  26  2:30  Sentry  
  26  2:32  Probe, Robotics Facility  
  27  2:40  Probe  
  30  2:45  Probe  
  30  2:52  Probe  
  30  2:53  Gateway  
  30  2:55  Sentry  
  30  2:57  Probe  
  34  3:00  Shield Battery  
  34  3:03  Probe  
  35  3:10  Probe  
  35  3:11  Probe  
  35  3:12  Phoenix  
  36  3:17  Immortal  
  36  3:19  Probe  
  37  3:22  Probe  
  39  3:31  Probe  
  44  3:34  Probe  
  45  3:42  Pylon  
  45  3:43  Probe  
  46  3:49  Assimilator  
  46  3:55  Assimilator  
  46  3:57  Pylon  
  50  4:12  Stalker x2  
  54  4:20  Shield Battery  
Show
View Real Time Build Order
Export as new Build Order

Elazer Zerg - Winner!

Build Orders: Pool First 

Get SALT Encoding   

  12  0:00  Drone  
  13  0:12  Overlord  
  13  0:17  Drone  
  14  0:30  Drone x2  
  14  0:35  Drone  
  17  0:44  Extractor  
  17  0:45  Drone  
  17  0:50  Spawning Pool  
  17  0:55  Drone  
  17  1:16  Hatchery  
  16  1:18  Drone  
  16  1:23  Drone  
  18  1:37  Queen  
  18  1:39  Zergling x2  
  21  1:46  Metabolic Boost  
  21  1:53  Overlord  
  21  1:57  Drone  
  22  2:12  Drone  
  22  2:13  Zergling x2  
  24  2:24  Lair  
  24  2:25  Zergling x2  
  25  2:30  Queen  
  25  2:31  Zergling x2  
  28  2:40  Zergling x4  
  29  2:49  Zergling x6  
  32  2:55  Zergling x4  
  34  3:02  Zergling x2  
  35  3:06  Overlord  
  35  3:22  Nydus Network  
  35  3:24  Queen  
  36  3:28  Zergling x4  
  38  3:35  Zergling x4  
  40  3:44  Zergling x6  
  43  3:54  Overlord  
  43  3:58  Nydus Canal  
  49  4:21  Nydus Canal  
Tags
 
Add a new tag
Caveats
  • Supply blocks, unpowered buildings, or Contaminate may cause inaccurate times.
  • Supply counts are checked every 10 seconds.